 Dungeon Crawl Stone Soup version 0.27-a0-684-g359e429f13 (webtiles) character file.

Game seed: 13874451873909747079

11 Dreamer the Insei (level 2, -1/18 HPs)
             Began as an Octopode Transmuter on Mar 20, 2021.
             Slain by a quokka (5 damage)
             ... on level 1 of the Dungeon.
             The game lasted 00:01:15 (216 turns).

Dreamer the Insei (Octopode Transmuter)              Turns: 216, Time: 00:01:16

Health: -1/18      AC:  1    Str:  9    XL:     2   Next: 29%
Magic:  4/5        EV: 13    Int: 15    God:
Gold:   16         SH:  0    Dex: 12    Spells: 4/5 levels left

rFire    . . .     SeeInvis .     - Unarmed
rCold    . . .     Faith    .   (no shield)
rNeg     . . .     Spirit   .   (helmet currently unavailable)
rPois    .         Reflect  .   (no amulet)
rElec    .         Harm     .   (no ring)
rCorr    .         Rampage  .   (no ring)
Will     .....                  (no ring)
Stlth    ++........             (no ring)
HPRegen  0.06/turn              (no ring)
MPRegen  0.09/turn              (no ring)
                                (no ring)
                                (no ring)

@: appendages
A: tentacle spike 3, almost no armour, amphibious, 8 rings, camouflage 1,
gelatinous body 1, nimble swimmer 1, tentacles
a: End Transformation


You were on level 1 of the Dungeon.
One of your tentacles had grown a beastly spike.
You visited 1 branch of the dungeon, and saw 1 of its levels.

You collected 16 gold pieces.

You aren't carrying anything.


   Skills:
 - Level 1.0 Fighting
 - Level 2.0 Dodging
 - Level 3.0 Unarmed Combat
 - Level 2.0 Spellcasting
 + Level 2.4 Transmutations
 + Level 1.2 Ice Magic


You had 4 spell levels left.
You knew the following spells:

 Your Spells              Type           Power      Damage    Failure   Level
a - Beastly Appendage     Tmut           16%        N/A       9%          1

Your spell library contained the following spells:

 Spells                   Type           Power      Damage    Failure   Level
 Wereblood                Tmut           8%         N/A       12%         2
 Spider Form              Tmut/Pois      2%         N/A       38%         3
 Ice Form                 Ice/Tmut       7%         N/A       71%         4
 Blade Hands              Tmut           4%         N/A       92%         5


Dungeon Overview and Level Annotations

Branches:
Dungeon (1/15)

Altars:


Innate Abilities, Weirdness & Mutations

One of your tentacles has grown a beastly spike.
You cannot wear most types of armour.
You are amphibious.
You can wear up to eight rings at the same time.
Your skin changes colour to match your surroundings (Stealth+).
Your rubbery body absorbs attacks. (AC +1, EV +1)
You are stealthy while swimming. (Stealth+)
You have tentacles for arms and can constrict up to eight enemies at once.


Message History

The kobold is severely wounded.
You constrict the kobold, but do no damage.
You tentacle-slap the kobold.
You kill the kobold!
A frilled lizard comes into view.
You closely miss the quokka.
The frilled lizard hisses angrily.
You grab the quokka. You constrict the quokka.
A rat comes into view.
The quokka bites you.
You tentacle-slap the quokka.
The quokka is lightly wounded.
You constrict the quokka, but do no damage.
The quokka completely misses you.
You tentacle-slap the quokka but do no damage.
You constrict the quokka, but do no damage.
The quokka barely misses you.
You barely miss the quokka. You constrict the quokka.
The quokka barely misses you.
You tentacle-slap the quokka but do no damage.
The quokka is lightly wounded.
You constrict the quokka, but do no damage.
The quokka barely misses you.
You release your grip on the quokka.
The quokka misses you. x2
You see here a jackal corpse.
The frilled lizard hisses.
The quokka closely misses you.
You see here a quokka corpse.
You are too injured to fight recklessly!
Casting: Beastly Appendage (safe; 9% risk of failure)
Confirm with . or Enter, or press ? or * to list all spells.
One of your tentacles grows a vicious spike.
The quokka bites you. x2
* * * LOW HITPOINT WARNING * * *
You miss the quokka. Your grab misses the quokka. The quokka misses you.
You tentacle-slap the quokka. Your grab misses the quokka.
Your tentacle spike misses the quokka.
Your squeeze misses the quokka.
The quokka is lightly wounded.
The quokka bites you.
You die...

... ......>. .... #.# #..# #.#
.#.#. #.#####..###.##.#.#.
#########...................
#.........#####.............
#.#######.# #...........
#.........# #.##.#.##)#.#
#.#######.#####.†...†..†..#
#.#######..@rrl........†....
#......#######.......#......
#.###### #..##.#.#....#. #.#
#..##.#........ #.#
#..##.#......#.
######.##########
#.......>....#.
................####.##.##..#.##
######.....###8'8###..
..........##≈≈≈.≈≈≈##


You could see a quokka, a frilled lizard and a rat.

Vanquished Creatures
  A goblin (D:1)
  A hobgoblin (D:1)
  2 jackals (D:1)
  A quokka (D:1)
  2 frilled lizards (D:1)
  3 kobolds (D:1)
  2 rats (D:1)
12 creatures vanquished.

Notes
Turn   | Place    | Note
-------+----------+-------------------------------------------
     0 | D:1      | Dreamer the Octopode Transmuter began the quest for the
                  | Orb.
     0 | D:1      | Reached XP level 1. HP: 13/13 MP: 3/3
   178 | D:1      | Reached skill level 1 in Ice Magic
   178 | D:1      | Reached XP level 2. HP: 13/18 MP: 5/5
   216 | D:1      | Slain by a quokka

Illustrated notes

Levels and vault maps discovered:
D:1:      lightli_arrival_statuegarden, layout_basic, minmay_misc_feat_alley

Skill      XL: |  1 |
---------------+----+-----
Ice Magic      | 1 |  1.2
Fighting       | |  1.0
Dodging        | |  2.0
Unarmed Combat | |  3.0
Spellcasting   | |  2.0
Transmutations | |  2.4

Action                   || total
-------------------------++-------
Melee: Unarmed           ||    39
       Constrict         ||    10
       Tentacles         ||     6
 Cast: Beastly Appendage ||     1
 Stab: Sleeping          ||     2
Armor: Skin              ||     2
Dodge: Dodged            ||    31

Table legend: (Time is in decaauts)
 A = Elapsed time spent in this place.
 B = Non-inter-level travel time spent in this place.
 C = Inter-level travel time spent in this place.
 D = Time resting spent in this place.
 E = Time spent auto-exploring this place.
 F = Levels seen in this place.
 G = Mean time per level.
                   A        B        C        D        E       F      G
               +--------+--------+--------+--------+--------+-----+--------+
         Total |    213 |    213 |      0 |      0 |    134 |   1 |  213.0 |
       Dungeon |    213 |    213 |      0 |      0 |    134 |   1 |  213.0 |
               +--------+--------+--------+--------+--------+-----+--------+

Top non-repeatable levels by time:
     D:1: 213 daAuts
